 Dungeon Crawl Stone Soup version 0.31.0-4-g52a2dc7128 (webtiles) character file.

Game seed: 6528335752304723796

19579 boopmooplesden the Stickfighter (level 12, -20/123 HPs)
             Began as a Minotaur Gladiator on Jan 22, 2024.
             Was the Champion of Okawaru.
             Demolished by an enormous slime creature (40 damage)
             ... on level 12 of the Dungeon.
             The game lasted 00:18:13 (11260 turns).

boopmooplesden the Stickfighter (MiGl)             Turns: 11260, Time: 00:18:14

Health: -20/123    AC: 35    Str: 22    XL:     12   Next: 37%
Magic:  0/11       EV: 13    Int:  7    God:    Okawaru [******]
Gold:   1088       SH:  0    Dex: 17    Spells: 11/11 levels left

rFire   x . .        L - +11 lajatang "Refuvvoa" {venom, Int+4 Dex-2 SInv Stlth+}
rCold   + . .        (shield currently unavailable)
rNeg    + + +        O - +10 plate armour of the Swan {Rampage rF- rC+ rN++}
rPois   +            (helmet unavailable)
rElec   .            J - +0 cloak {rPois}
rCorr   .            (no gloves)
SInv    +            G - +0 pair of boots
Will    .....        F - amulet "Sunos" {Spirit Harm Dex+5} Stlth
                     z - +4 ring of protection
HPRegen 0.40/turn    f - ring of positive energy
MPRegen 0.12/turn

%: harm (+30% outgoing, +20% incoming), guardian spirit, rampage
@: heroic
A: horns 3, retaliatory headbutt, dopey 1, robust 1
a: Renounce Religion, Heroism, Finesse, Duel


You were on level 12 of the Dungeon.
You worshipped Okawaru.
Okawaru was exalted by your worship.
You visited 1 branch of the dungeon, and saw 12 of its levels.

You collected 1088 gold pieces.

Inventory:

Hand Weapons
 a - a +4 quarterstaff of freezing
 C - the +0 flail "Zymorgh" {antimagic, Str+2 Int+2 Dex+3 Stlth+}
   (You found it on level 6 of the Dungeon)

   Str+2:     It affects your strength (+2).
   Int+2:     It affects your intelligence (+2).
   Dex+3:     It affects your dexterity (+3).
   Stlth+:    It makes you more stealthy.
 D - the +7 war axe "Nygh" {elec, Int+2}
   (You found it on level 8 of the Dungeon)

   Int+2:     It affects your intelligence (+2).
 L - the +11 lajatang "Refuvvoa" (weapon) {venom, Int+4 Dex-2 SInv Stlth+}
   (Okawaru gifted it to you on level 10 of the Dungeon)

   Int+4:     It affects your intelligence (+4).
   Dex-2:     It affects your dexterity (-2).
   SInv:      It lets you see invisible.
   Stlth+:    It makes you more stealthy.
 N - the +6 hammer of Bopnaemp {vamp, rPois rF+ rC+ SInv}
   (You found it on level 7 of the Dungeon)

   rF+:       It protects you from fire.
   rC+:       It protects you from cold.
   rPois:     It protects you from poison SInv: It lets you see invisible.
Missiles
 d - 6 throwing nets (quivered)
 e - 4 javelins
 h - 6 silver javelins
Armour
 c - a +0 hat
 G - a +0 pair of boots (worn)
 H - a +1 plate armour
 J - a +0 cloak of poison resistance (worn)
 O - the +10 plate armour of the Swan (worn) {Rampage rF- rC+ rN++}
   (Okawaru gifted it to you on level 10 of the Dungeon)

   rF-:       It makes you vulnerable to fire.
   rC+:       It protects you from cold.
   rN++:      It greatly protects you from negative energy.
   Rampage:   It bestows one free step when moving towards enemies.
Jewellery
 f - a ring of positive energy (right hand)
 g - a ring of wizardry
 i - a +5 ring of evasion
 r - a ring of positive energy
 z - a +4 ring of protection (left hand)
 F - the amulet "Sunos" (around neck) {Spirit Harm Dex+5}
   (You found it on level 6 of the Dungeon)

   [amulet of guardian spirit]

   Spirit:    It causes incoming damage to be divided between your reserves of
   health and magic.
   Dex+5:     It affects your dexterity (+5).
   Harm:      It increases damage dealt and taken.
 Q - a ring of protection from cold
 R - a ring of poison resistance
Talismans
 o - a serpent talisman
 y - a maw talisman
 K - a blade talisman
Wands
 b - a wand of flame (22)
 q - a wand of iceblast (37)
 u - a wand of charming (2)
Scrolls
 l - a scroll of fear
 w - 2 scrolls of revelation
 A - 3 scrolls of amnesia
 I - 5 scrolls of teleportation
 M - 2 scrolls of silence {unknown}
 S - 3 scrolls of identify
 T - a scroll of enchant armour
 U - a scroll of poison
Potions
 j - 2 potions of haste
 k - 6 potions of brilliance
 m - a potion of enlightenment
 n - a potion of cancellation
 p - 2 potions of heal wounds
 s - 3 potions of invisibility
 t - 2 potions of resistance
 v - a potion of magic
 x - 2 potions of curing {unknown}
 B - 2 potions of mutation
 E - a potion of might {unknown}
 P - a potion of degeneration {unknown}


   Skills:
 + Level 11.9(16.9) Fighting
 + Level 16.2(21.2) Staves
 + Level 2.1(7.1) Throwing
 + Level 12.6(17.6) Armour
 + Level 6.8(11.8) Dodging
 + Level 2.2(7.2) Stealth
 + Level 0.5 Invocations
 + Level 0.1 Evocations


You had 11 spell levels left.
You didn't know any spells.
Your spell library contained the following spells:

 Spells                   Type           Power      Damage    Failure   Level
 Apportation              Tloc           0%         N/A       98%         1
 Foxfire                  Conj/Fire      0%         2x1d4     98%         1
 Kiss of Death            Conj/Necr      0%         2d5       98%         1
 Sting                    Conj/Alch      0%         1d3       98%         1
 Blink                    Tloc           0%         N/A       99%         2
 Jinxbite                 Hex            0%         N/A       99%         2
 Lesser Beckoning         Tloc           0%         N/A       99%         2
 Mercury Vapours          Alch/Air       0%         N/A       99%         2
 Momentum Strike          Conj/Tloc      0%         3d8       99%         2
 Static Discharge         Conj/Air       0%         3-3/arc   99%         2
 Confusing Touch          Hex            0%         N/A       100%        3
 Dazzling Flash           Conj/Hex       0%         N/A       100%        3
 Mephitic Cloud           Conj/Alch/Air  0%         N/A       100%        3
 Airstrike                Air            0%         2d(0-16)  100%        4
 Anguish                  Hex/Necr       0%         N/A       100%        4
 Cause Fear               Hex            0%         N/A       100%        4
 Dispel Undead            Necr           0%         3d6       100%        4
 Iskenderun's Mystic Bla  Conj/Tloc      0%         2d3       100%        4
 Olgreb's Toxic Radiance  Alch           0%         N/A       100%        4
 Vhi's Electric Charge    Tloc/Air       0%         N/A       100%        4
 Alistair's Intoxication  Alch           0%         N/A       100%        5
 Arcjolt                  Conj/Air       0%         1d10      100%        5
 Freezing Cloud           Conj/Ice/Air   0%         6-21      100%        5
 Plasma Beam              Fire/Air       0%         2x1d10    100%        6
 Starburst                Conj/Fire      0%         6d3       100%        6
 Enfeeble                 Hex            0%         N/A       100%        7
 Tukima's Dance           Hex            Unusable   N/A       N/A         3
 Summon Lightning Spire   Summ/Air       Unusable   N/A       N/A         4
 Malign Gateway           Summ/Tloc      Unusable   N/A       N/A         7

Dungeon Overview and Level Annotations

Branches:
Dungeon (12/15)            Temple (0/1) D:7            Lair (0/5) D:11
    Orc (0/2) D:10

Altars:
Cheibriados
Elyvilon
Fedhas
Gozag
Hepliaklqana
Kikubaaqudgha
Makhleb
Nemelex Xobeh
Okawaru
Qazlal
Sif Muna
Uskayaw
Wu Jian
Yredelemnul
Zin
The Shining One

Shops:
D:6 (   D:7 :   D:10 [(*


Innate Abilities, Weirdness & Mutations

You have a pair of large horns on your head.
You reflexively headbutt those who attack you in melee.
You are dopey. (Int -2)
You are robust. (+10% HP)


Message History

You headbutt the very large slime creature!!
The very large slime creature is moderately wounded.
Two slime creatures merge to form an enormous slime creature.
You slash the enormous slime creature!
The enormous slime creature looks as sick as possible!
The enormous slime creature is moderately wounded.
Two slime creatures merge to form an enormous slime creature.
You chop the enormous slime creature into pieces!!!
You headbutt the enormous slime creature.
The enormous slime creature is heavily wounded.
You slash the enormous slime creature!
The enormous slime creature is heavily wounded.
You slice the enormous slime creature!!
You headbutt the enormous slime creature!!
The enormous slime creature is severely wounded.
The enormous slime creature hits you but does no damage.
You slice the enormous slime creature!!
You headbutt the enormous slime creature.
The enormous slime creature is almost dead.
You open the enormous slime creature like a pillowcase!!!
You kill the enormous slime creature!
Okawaru accepts your kill.
You rampage towards the enormous slime creature!
The enormous slime creature barely misses you.
You slice the enormous slime creature!!
You headbutt the enormous slime creature!!
The enormous slime creature is moderately wounded.
The enormous slime creature hits you!!!
You hit the enormous slime creature.
The enormous slime creature is poisoned.
You headbutt the enormous slime creature!!
The enormous slime creature is moderately wounded.
The enormous slime creature hits you!!!
* * * LOW HITPOINT WARNING * * *
You slash the enormous slime creature!
The enormous slime creature is heavily wounded.
You hit the enormous slime creature.
The enormous slime creature is heavily wounded.
The enormous slime creature hits you!!
You die...

#..JJ....#############
#..J.....#...........#
#######..##.........##
#..#...........#
#..##.....)...##
#..#...........#
##.##.........##
#J#:..........####
#@##.........##...
#.#..........:#...
#.######'######...
#.#.......#.......
#.#.......#.......
#.###......)...... #.#
#...###....... #.#
#...# #.......
###'###...# #.......


You could see an enormous slime creature (very poisoned).

Vanquished Creatures
  5 two-headed ogres
  A boulder beetle (D:11)
  The ghost of LoggersVIII the Covert, a novice OpEE of Dithmenos (D:8)
  A cyclops (D:12)
  Maurice (D:7)
  The ghost of Aldia the Covered, a novice AtFi (D:5)
  A gargoyle (D:11)
  A kobold demonologist (D:12)
  An unseen horror (D:9)
  A troll (D:12)
  Prince Ribbit (D:7)
  2 slime creatures (D:12)
  2 wyverns
  Sigmund (D:6)
  A shadow (D:6)
  A vampire (D:9)
  27 yaks
  A wraith (D:9)
  9 vampire mosquitoes
  Grum (D:11)
  3 steam dragons
  Edmund (D:5)
  Menkaure (D:4)
  2 acid dragons
  A water moccasin (D:9)
  An ice beast (D:6)
  10 orc warriors
  A black bear (D:5)
  A sky beast (D:8)
  2 ogres
  4 wolves (D:11)
  4 centaurs
  3 kobold brigands (D:9)
  Blork the orc (D:4)
  A wyvern zombie (D:7)
  5 bullfrogs
  A gnoll sergeant (D:11)
  2 scorpions
  9 wights
  19 killer bees
  5 howler monkeys
  2 bombardier beetles
  2 centaur zombies (D:7)
  A centaur skeleton (D:5)
  2 hounds
  Crazy Yiuf (D:7)
  A jelly (D:6)
  A gnoll bouda (D:8)
  4 orc priests
  8 iguanas
  4 sleepcaps
  11 orc wizards
  A killer bee zombie (D:7)
  3 howler monkey zombies (D:7)
  11 gnolls
  A howler monkey skeleton (D:5)
  9 adders
  A shadow imp (D:7)
  2 white imps (D:5)
  6 dart slugs
  44 orcs
  3 ball pythons
  An endoplasm (D:6)
  3 giant cockroaches
  6 goblins
  3 hobgoblins
  11 kobolds
  4 quokkas
  3 bats
  2 frilled lizards
  5 rats
293 creatures vanquished.

Notes
Turn   | Place    | Note
-------+----------+-------------------------------------------
     0 | D:1      | boopmooplesden the Minotaur Gladiator began the quest for
                  | the Orb.
     0 | D:1      | Reached XP level 1. HP: 18/18 MP: 0/0
    65 | D:1      | Found a faded altar of an unknown god.
   139 | D:1      | Reached XP level 2. HP: 25/25 MP: 1/1
   304 | D:1      | Reached skill level 4 in Staves
   402 | D:1      | Reached skill level 1 in Armour
   913 | D:2      | Reached XP level 3. HP: 27/30 MP: 2/2
  1052 | D:2      | You fall into a shaft and drop 1 floor!
  1090 | D:3      | Found a glowing silver altar of Zin.
  1092 | D:3      | Found an opulent altar of Gozag.
  1092 | D:3      | Found a stormy altar of Qazlal.
  1160 | D:3      | Got the Almanac of the Tiger
  1344 | D:3      | Found a hide-covered altar of Uskayaw.
  1433 | D:3      | Found a white marble altar of Elyvilon.
  1968 | D:4      | Reached XP level 4. HP: 28/37 MP: 3/3
  2083 | D:4      | Reached skill level 5 in Staves
  2114 | D:4      | Found a blossoming altar of Fedhas.
  2136 | D:4      | Reached XP level 5. HP: 44/45 MP: 4/4
  2158 | D:4      | Noticed Blork the orc
  2164 | D:4      | Killed Blork the orc
  2165 | D:4      | Reached skill level 1 in Stealth
  2176 | D:4      | Reached skill level 6 in Staves
  2176 | D:4      | Reached XP level 6. HP: 43/51 MP: 5/5
  2366 | D:4      | Noticed Menkaure
  2370 | D:4      | Killed Menkaure
  2644 | D:4      | Reached XP level 7. HP: 56/57 MP: 6/6
  2765 | D:5      | Entered Level 5 of the Dungeon
  2790 | D:5      | Reached skill level 7 in Staves
  2983 | D:5      | Found an iron altar of Okawaru.
  2991 | D:5      | Became a worshipper of Warmaster Okawaru
  3047 | D:5      | Reached skill level 5 in Armour
  3050 | D:5      | Found a snail-covered altar of Cheibriados.
  3368 | D:5      | Found a shimmering blue altar of Sif Muna.
  3373 | D:5      | Found an ancient bone altar of Kikubaaqudgha.
  3427 | D:5      | Reached skill level 8 in Staves
  3633 | D:5      | Reached XP level 8. HP: 44/66 MP: 7/7
  3741 | D:5      | Reached skill level 5 in Dodging
  3826 | D:5      | Noticed Edmund
  3827 | D:5      | Found a transporter.
  3830 | D:5      | Reached * piety under Okawaru
  3842 | D:5      | Killed Edmund
  3844 | D:5      | Noticed Aldia's ghost (novice AtFi)
  3944 | D:5      | Found a transporter.
  3962 | D:5      | Killed Aldia's ghost
  3963 | D:5      | Reached skill level 9 in Staves
  4179 | D:6      | Identified the +0 flail "Zymorgh" {antimagic, Str+2 Int+2
                  | Dex+3 Stlth+}
  4213 | D:6      | Identified the amulet "Sunos" {Spirit Harm Dex+5}
  4225 | D:6      | Reached skill level 5 in Fighting
  4227 | D:6      | Found Ytuw's Antique Weapon Boutique.
  4243 | D:6      | Noticed Sigmund
  4259 | D:6      | Killed Sigmund
  4259 | D:6      | Reached ** piety under Okawaru
  4260 | D:6      | Reached skill level 10 in Staves
  4331 | D:6      | Reached XP level 9. HP: 37/74 MP: 8/8
  4568 | D:6      | Found a sparkling altar of Nemelex Xobeh.
  4656 | D:6      | Reached skill level 11 in Staves
  5106 | D:7      | Found Xosarir's Tremendous Tomes.
  5155 | D:7      | Noticed Maurice
  5164 | D:7      | Something stole the amulet "Sunos" {Spirit Harm Dex+5}
  5170 | D:7      | Something stole a serpent talisman
  5172 | D:7      | Something stole 6 silver javelins
  5173 | D:7      | Killed Maurice
  5173 | D:7      | Reached *** piety under Okawaru
  5675 | D:7      | Reached skill level 12 in Staves
  6022 | D:7      | Noticed Prince Ribbit
  6027 | D:7      | Killed Prince Ribbit
  6028 | D:7      | Reached XP level 10. HP: 87/88 MP: 9/9
  6167 | D:7      | Found a runed translucent door.
  6168 | D:7      | Noticed Crazy Yiuf
  6170 | D:7      | Identified the +6 hammer of Bopnaemp {vamp, rPois rF+ rC+
                  | SInv}
  6174 | D:7      | Killed Crazy Yiuf
  6201 | D:7      | Found a basalt altar of Yredelemnul.
  6437 | D:7      | Found a burning altar of Makhleb.
  6592 | D:7      | Found a staircase to the Ecumenical Temple.
  6755 | D:8      | Found a runed translucent gate.
  6756 | D:8      | Found a runed translucent gate.
  6757 | D:8      | Found a runed translucent gate.
  6762 | D:8      | Noticed LoggersVIII's ghost (novice OpEE)
  6818 | D:8      | Killed LoggersVIII's ghost
  6818 | D:8      | Reached **** piety under Okawaru
  6870 | D:8      | Found a hazy altar of Hepliaklqana.
  6910 | D:8      | Reached skill level 13 in Staves
  7107 | D:8      | Identified the +7 war axe "Nygh" {elec, Int+2}
  7874 | D:9      | Noticed a two-headed ogre
  7903 | D:9      | Killed a two-headed ogre
  7903 | D:9      | Reached ***** piety under Okawaru
  8003 | D:9      | Noticed a two-headed ogre
  8009 | D:9      | Killed a two-headed ogre
  8010 | D:9      | Reached skill level 14 in Staves
  8010 | D:9      | Reached XP level 11. HP: 69/99 MP: 7/10
  8359 | D:9      | Noticed a two-headed ogre
  8369 | D:9      | Killed a two-headed ogre
  8370 | D:9      | Reached skill level 10 in Fighting
  8385 | D:9      | Gained mutation: You have a pair of large horns on your
                  | head. [potion of mutation]
  8385 | D:9      | Gained mutation: You are dopey. (Int -2) [potion of
                  | mutation]
  8385 | D:9      | Gained mutation: You are robust. (+10% HP) [potion of
                  | mutation]
  8396 | D:9      | HP: 1/110 [killer bee (7)]
  8398 | D:9      | Reached skill level 10 in Armour
  8945 | D:10     | Entered Level 10 of the Dungeon
  8997 | D:10     | Found Ammixaf's Neck Hole.
  9195 | D:10     | Found a glowing golden altar of the Shining One.
  9347 | D:10     | Found Fiahuy's Weapon Boutique.
  9348 | D:10     | Found a staircase to the Orcish Mines.
  9371 | D:10     | Reached skill level 15 in Staves
  9375 | D:10     | Found Hyuffuc's Armour Boutique.
  9381 | D:10     | Reached ****** piety under Okawaru
  9457 | D:10     | Acquired the +11 lajatang "Refuvvoa" {venom, Int+4 Dex-2
                  | SInv Stlth+}
  9457 | D:10     | Received a gift from Okawaru
  9490 | D:10     | Acquired the +10 plate armour of the Swan {Rampage rF- rC+
                  | rN++}
  9490 | D:10     | Received a gift from Okawaru
  9710 | D:10     | Found an ornate altar of the Wu Jian Council.
 10019 | D:11     | Noticed a two-headed ogre
 10025 | D:11     | Killed a two-headed ogre
 10025 | D:11     | Received a gift from Okawaru
 10088 | D:11     | Noticed a boulder beetle
 10092 | D:11     | Killed a boulder beetle
 10300 | D:11     | Found a staircase to the Lair.
 10309 | D:11     | Noticed Grum
 10316 | D:11     | Killed Grum
 10317 | D:11     | Reached XP level 12. HP: 121/121 MP: 11/11
 10418 | D:11     | Reached skill level 16 in Staves
 10762 | D:12     | Received a gift from Okawaru
 11064 | D:12     | Noticed a two-headed ogre
 11069 | D:12     | Killed a two-headed ogre
 11260 | D:12     | Demolished by an enormous slime creature

Illustrated notes

Levels and vault maps discovered:
D:1:      psy_arrival_terrarium, layout_basic,
          hellmonk_ecumenical_altar_leap_of_faith, minmay_misc_feat_more_columns
D:2:      layout_rooms
D:3:      layout_basic, lemuel_coloured_pillars_altar,
          nicolae_elyvilon_peaceful_grove,
          chequers_temple_overflow_statue_of_worship
D:4:      layout_basic, mainiacjoe_overflow_alcove_1, uniq_menkaure,
          uniq_blork_the_orc
D:5:      layout_basic, okawaru_metal_pillars_1_2, kennysheep_slug_shrine,
          minitemple, gammafunk_ghost_mausoleum, uniq_edmund
D:6:      layout_basic, nemelex_dance_club_becter, serial_shops, shop,
          uniq_sigmund
D:7:      layout_layer_cave, nicolae_yredelemnul_corpse_copse, kennysheep_mini,
          minmay_temple_entry_fiery, nicolae_shop_i_like_big_books,
          nicolae_kite_square_tiling_tiny, uniq_prince_ribbit1,
          uniq_crazy_yiuf_cottage, uniq_maurice
D:8:      layout_basic, nicolae_hepliaklqana_hippocampus, gammafunk_ghost_split,
          serial_glass, glass_columns_c, glass_columns_a
D:9:      minmay_four_partial_circles, layout_long_grid,
          chequers_serial_rivers_room_a
D:10:     layout_loops_cross, tso_oasis_becter,
          nicolae_wu_jian_immortal_techniques, orc_david_3,
          nicolae_shop_sticking_my_neck_out
D:11:     layout_irregular_city, lair_entry_dummy, uniq_grum
D:12:     layout_basic, minmay_librarian

Skill      XL: |  1  2  3  4  5  6  7  8  9 10 11 12 |
---------------+-------------------------------------+-----
Staves         | 4 5 6 8 10 12 14 15 16 | 16.2
Armour         | 1 2 3 4 5 6 7 9 11 12 | 12.6
Dodging        | 4 5 6 |  6.8
Fighting       | 3 4 5 7 9 11 | 11.9
Stealth        | 1 2 |  2.2
Throwing       | |  2.1
Invocations    | |  0.5
Evocations     | |  0.1

Action                     |  1- 3 |  4- 6 |  7- 9 | 10-12 || total
---------------------------+-------+-------+-------+-------++-------
  Melee: Quarterstaff      |    69 |    49 |   236 |   226 ||   580
         Headbutt          |     8 |    10 |    53 |    65 ||   136
         Lajatang          |       |       |       |   113 ||   113
  Throw: Throwing net      |       |     1 |     1 |       ||     2
 Invoke: Heroism           |       |       |     2 |     3 ||     5
         Receive Weapon    |       |       |       |     1 ||     1
         Receive Armour    |       |       |       |     1 ||     1
  Evoke: Wand              |       |     1 |       |       ||     1
    Use: Scroll            |     7 |       |       |    11 ||    18
         Potion            |       |       |       |     7 ||     7
   Stab: Sleeping          |     2 |       |       |       ||     2
 Armour: Leather armour    |    34 |       |       |       ||    34
         Ring mail         |     4 |    27 |   115 |       ||   146
         Plate armour      |       |       |    93 |   351 ||   444
  Dodge: Dodged            |    34 |    19 |   123 |   193 ||   369
